 Dungeon Crawl Stone Soup version 0.29-a0-830-gcb1280458a (webtiles) character file.

Game seed: 6652653048327040787

183151 jlumianski the Severer (level 17, -16/119 HPs)
             Began as a Demonspawn Fighter on July 9, 2022.
             Was the Champion of Hepliaklqana.
             Demolished by a moth of wrath (17 damage)
             ... on level 4 of the Spider Nest on July 11, 2022.
             The game lasted 02:40:37 (34865 turns).

jlumianski the Severer (Demonspawn Fighter)        Turns: 34865, Time: 02:40:38

Health: -16/119    AC: 22    Str: 38    XL:     17   Next: 73%
Magic:  37/37      EV: 15    Int: 10    God:    Hepliaklqana [******]
Gold:   2718       SH: 13    Dex: 13    Spells: 16/16 levels left

rFire   . . .      SeeInvis +   k - +12 broad axe of Exoneration {speed, MP+9}
rCold   . . .      Faith    .   O - +2 buckler {AC+3}
rNeg    . . .      Spirit   .   M - +1 chain mail {rPois}
rPois   +          Reflect  +   (helmet unavailable)
rElec   .          Harm     .   p - +1 cloak {Stlth+}
rCorr   .          Rampage  .   b - +1 pair of gloves {Stlth+}
Will    +....                   (boots unavailable)
Stlth   ++........              x - amulet of reflection
HPRegen 0.29/turn               i - +6 ring of strength
MPRegen 0.25/turn               f - +6 ring of strength

@: lethally poisoned (-16 -> -31)
A: reduced essence, antennae 3, hooves 3, foul stench 2, spiny 2, weakness
stinger 2, fangs 1, iridescent scales 1, strong 1, MP-powered wands
a: Renounce Religion, Recall Ancestor, Ancestor Identity, Transference, Idealise


You were on level 4 of the Spider Nest.
You worshipped Hepliaklqana.
Hepliaklqana was exalted by your worship.
You visited 5 branches of the dungeon, and saw 28 of its levels.
You also visited: Bailey and Ice Cave.

You collected 3241 gold pieces.
You spent 523 gold pieces at shops.

Inventory:

Hand Weapons
 k - the +12 broad axe of Exoneration (weapon) {speed, MP+9}
   (You acquired it on level 3 of the Dungeon)

   Attacks with this weapon are significantly faster.
   MP:        It affects your magic capacity (+9).
 I - a +4 spear of flaming
 L - the +7 Singing Sword {vorpal, sonic wave}
   (You found it on level 4 of the Spider Nest)

   It inflicts extra damage upon your enemies.
   It radiates damaging sonic waves as it strikes, especially in combat
   involving dangerous or numerous foes.
Missiles
 c - 2 boomerangs of dispersal
 g - 39 poisoned darts
 q - 5 javelins
 y - 3 throwing nets
 C - 44 boomerangs (quivered)
Armour
 b - a +1 pair of gloves of stealth (worn)
 j - a +0 cloak
 p - a +1 cloak of stealth (worn)
 t - a +0 tower shield
 M - a +1 chain mail of poison resistance (worn)
 O - a +2 buckler of protection (worn)
Jewellery
 f - a +6 ring of strength (right hand)
 i - a +6 ring of strength (left hand)
 x - an amulet of reflection (around neck)
 z - a ring of protection from fire
 A - a ring of flight
 R - a ring of willpower
Wands
 e - a wand of quicksilver (15)
 n - a wand of mindburst (25)
 o - a wand of charming (23)
 H - a wand of digging (16)
 J - a wand of flame (11)
 K - a wand of roots (33)
Scrolls
 h - 10 scrolls of teleportation
 m - 2 scrolls of amnesia
 s - 2 scrolls of poison
 B - a scroll of immolation
 D - 3 scrolls of magic mapping
 E - a scroll of brand weapon
 P - 5 scrolls of blinking
 Q - 4 scrolls of summoning
 S - 7 scrolls of fear
 X - 5 scrolls of fog
Potions
 d - 10 potions of curing
 l - 5 potions of invisibility
 r - 2 potions of berserk rage
 u - 3 potions of might
 v - a potion of haste
 w - 2 potions of brilliance
 F - 5 potions of heal wounds
 G - a potion of resistance
 N - 4 potions of flight
Miscellaneous
 a - a box of beasts
 V - a condenser vane
 Y - a phantom mirror
 Z - a phial of floods


   Skills:
 + Level 12.1 Fighting
 + Level 16.5 Axes
 + Level 0.1(10.7) Polearms
 + Level 3.6 Throwing
 + Level 9.7 Armour
 * Level 13.7 Dodging
 + Level 6.2 Stealth
 + Level 8.8 Shields
 * Level 15.2 Invocations
 * Level 11.7 Evocations


You had 16 spell levels left.
You didn't know any spells.
Your spell library contained the following spells:

 Spells                   Type           Power      Damage    Failure   Level
 Shock                    Conj/Air       0%         1d3       80%         1
 Scorch                   Fire           0%         2d5       91%         2
 Static Discharge         Conj/Air       0%         3-3/arc   91%         2
 Frozen Ramparts          Ice            0%         1d2       99%         3
 Ozocubu's Armour         Ice            0%         N/A       99%         3
 Swiftness                Air            0%         N/A       99%         3
 Airstrike                Air            0%         0-1+      100%        4
 Flame Wave               Conj/Fire      0%         2d4       100%        4
 Hailstorm                Conj/Ice       0%         3d3       100%        4
 Ice Form                 Ice/Tmut       0%         N/A       100%        4
 Summon Ice Beast         Ice/Summ       0%         N/A       100%        4
 Fireball                 Conj/Fire      0%         3d3       100%        5
 Lightning Bolt           Conj/Air       0%         1d11      100%        5
 Dispersal                Tloc           0%         N/A       100%        6
 Simulacrum               Ice/Necr       0%         N/A       100%        6
 Starburst                Conj/Fire      0%         6d3       100%        6
 Summon Cactus Giant      Summ           0%         N/A       100%        6
 Ozocubu's Refrigeration  Ice            0%         4d5       100%        7
 Disjunction              Tloc           0%         N/A       100%        8
 Ignition                 Fire           0%         3d3       100%        8
 Maxwell's Capacitive Co  Air            0%         ∞         100%        8


Dungeon Overview and Level Annotations

Branches:
Dungeon (15/15)            Temple (1/1) D:5            Lair (6/6) D:9
 Shoals (0/4) Lair:2       Spider (4/4) Lair:3        Slime (0/5) Lair:6
    Orc (2/2) D:11            Elf (0/3) Orc:2        Vaults (0/5) D:13
 Depths (0/4) D:15         Bailey (visited)           IceCv (visited)

Altars:
Ashenzari
Cheibriados
Dithmenos
Fedhas
Gozag
Hepliaklqana
Kikubaaqudgha
Makhleb
Nemelex Xobeh
Okawaru
Qazlal
Ru
Sif Muna
Trog
Uskayaw
Vehumet
Wu Jian
Xom
Yredelemnul
Jiyva

Shops:
D:3 [?   D:6 :   D:15 (   Orc:2 *([:

Portals:
Abyss: D:3
Trove: D:12 (give +2 gold dragon scales)

Annotations:
D:3 2 transporters, Sabo's ghost, amateur FoFi


Innate Abilities, Weirdness & Mutations

Your life essence is reduced to manifest your ancestor. (-10% HP)
You have a pair of large antennae on your head. (SInv)
You have hooves in place of feet.
You sometimes emit foul miasma when damaged in melee.
You are mostly covered in sharp spines.
You have a tail ending in a sharp stinger.
You have very sharp teeth.
You are partially covered in iridescent scales. (AC +2)
Your muscles are strong. (Str +4, Int/Dex -1)
You expend magic power (3 MP) to strengthen your wands.


Message History

You slash the emperor scorpion!
You tail-slap the emperor scorpion, but do no damage.
The emperor scorpion is lightly wounded.
You feel extremely sick.
The emperor scorpion is engulfed in dark miasma.
The emperor scorpion stings you! The emperor scorpion claws you.
You block the emperor scorpion's attack.
You feel extremely sick.
The emperor scorpion is engulfed in dark miasma.
The emperor scorpion is poisoned.
The emperor scorpion barely misses you. x2
The emperor scorpion claws you but does no damage.
The emperor scorpion stings you!!
The emperor scorpion claws you but does no damage.
The emperor scorpion closely misses you.
The culicivora's many legs skitter faintly.
You feel very sick.
You block the emperor scorpion's attack.
The emperor scorpion claws you but does no damage. x2
The spectral redback passes through a web.
You slash the emperor scorpion! You kick the emperor scorpion!
Your tail-slap misses the emperor scorpion.
The emperor scorpion is moderately wounded.
You slash the moth of wrath! You slice the spectral redback!!
You feel very sick. The moth of wrath barely misses you.
The emperor scorpion is struck by your spines.
The emperor scorpion stings you!!
* * * LOW HITPOINT WARNING * * *
You block the emperor scorpion's attack. x2
You feel much better.
You feel very sick.
The spectral redback is struck by your spines.
The spectral redback bites you.
* * * LOW HITPOINT WARNING * * *
You emit a cloud of foul miasma!
The emperor scorpion stings you!
* * * LOW HITPOINT WARNING * * *
The emperor scorpion barely misses you. The emperor scorpion claws you!
* * * LOW HITPOINT WARNING * * *
The moth of wrath bites you!
You die...

##.≈≈.# { #..≈≈≈#
#(≈≈≈≈# #{
#.≈≈#≈####≈#
#.≈≈≈≈≈≈≈≈.#
#..≈≈≈≈≈≈..#
#..≈≈≈≈≈≈≈≈#
#Zs#s≈#≈≈#≈#
#.@y≈≈#≈≈≈#
#^..≈≈#≈≈..#
#^....#sy..#
#...#.#°.....
#.....#..#....
#^...^#......^
#.....#############
##......≈≈≈#≈≈≈....
#^....≈≈≈≈≈≈≈......


You could see an emperor scorpion (berserk, poisoned), a moth of wrath, a
spectral redback and a culicivora.

Vanquished Creatures
  A bone dragon (D:13)
  Rupert (Lair:5)
  3 orc warlords
  5 emperor scorpions
  3 ghost moths
  Louise (Spider:1)
  A broodmother (Spider:2)
  Nessos (Lair:5)
  3 dire elephants (Lair:6)
  5 entropy weavers
  3 spark wasps
  A white draconian (IceCv)
  Snorg (Lair:5)
  A fire dragon (Lair:1)
  A jorogumo (Spider:4)
  2 vault guards
  7 centaur warriors
  A catoblepas (D:15)
  2 radroaches (Spider:2)
  3 two-headed ogres
  A death scarab (Spider:3)
  9 death yaks (Lair:6)
  4 tengu warriors
  2 orc high priests
  Nergalle (Lair:3)
  The ghost of wingedge the Covert, a journeyman FeMo of Wu Jian (Lair:2)
  A spectral dire elephant (Lair:6)
  A sun moth (Spider:2)
  4 pharaoh ants
  A spectral anaconda (Lair:6)
  8 steelbarb worms
  2 orb spiders
  An obsidian statue (Lair:6)
  A deep elf pyromancer (D:15)
  Pikel (D:6)
  An orc knight (Orc:2)
  5 necromancers
  A wolf spider zombie (D:13)
  19 wolf spiders
  2 oklob plants
  7 cyclopes
  6 elephants
  7 ugly things
  2 manticores
  3 moths of wrath
  A salamander (D:15)
  A dire elephant zombie (Lair:6)
  A black mamba (Lair:1)
  6 torpor snails
  Maurice (D:11)
  4 centaur zombies (D:13)
  A gargoyle (D:11)
  An orange demon (Lair:2)
  Maggie (D:7)
  An unseen horror (D:11)
  9 centaur skeletons (D:13)
  4 cane toads
  4 rime drakes
  6 demonic crawlers
  5 komodo dragons
  A kobold demonologist (D:12)
  4 efreet
  A yaktaur (D:13)
  4 meliai
  A harpy zombie (D:13)
  4 polar bears
  7 trolls
  2 spectral jumping spiders (Spider:4)
  6 blink frogs
  A jumping spider zombie (Spider:4)
  A spectral culicivora (Spider:4)
  27 tarantellas
  A snapping turtle (Lair:2)
  Prince Ribbit (D:7)
  Sigmund (D:2)
  A tarantella zombie (Spider:4)
  18 culicivoras
  A vampire (D:12)
  20 jumping spiders
  5 shadows
  31 yaks
  5 wraiths
  10 humans (D:13)
  5 wyverns
  A water elemental (D:14)
  A basilisk (Lair:1)
  A steam dragon (D:8)
  Grum (D:8)
  2 death yak simulacra
  3 vampire mosquitoes (D:14)
  39 redbacks
  4 wargs
  An acid dragon (D:12)
  12 water moccasins
  Duvessa (D:5)
  A hornet zombie (D:13)
  30 orc warriors
  4 ice beasts
  A black bear (D:7)
  18 centaurs
  16 wolves
  A battlemage (Spider:4)
  2 elephant zombies (Lair:6)
  2 sky beasts
  7 ogres
  A phantom (D:5)
  A lemure (D:6)
  10 bullfrogs
  2 kobold brigands (D:12)
  2 necrophages (D:5)
  4 scorpions
  3 gnoll sergeants
  4 cane toad simulacra (Lair:6)
  16 wights
  Dowan (D:5)
  13 killer bees
  2 lindwurm simulacra (IceCv)
  5 elephant simulacra
  4 howler monkeys
  3 electric eels
  A jelly (D:6)
  6 komodo dragon simulacra (IceCv)
  14 orc priests
  2 hounds (D:6)
  5 hell rats (Lair:5)
  6 iguanas
  21 orc wizards
  A boggart skeleton (D:13)
  A wolf simulacrum (Lair:3)
  14 gnolls
  3 acid dragon simulacra (IceCv)
  An adder (D:5)
  A shadow imp (D:6)
  2 white imps
  5 ufetubi
  2 steam dragon simulacra (IceCv)
  A worm (D:3)
  4 dart slugs
  74 orcs
  11 endoplasms
  4 giant cockroaches
  6 hobgoblins
  4 jackals (D:2)
  5 quokkas
  6 ball pythons
  5 bats
  5 frilled lizards
  10 goblins
  17 kobolds
  5 rats
  3 bushes (D:7)
  A withered plant (Lair:6)
806 creatures vanquished.

Vanquished Creatures (collateral kills)
  An entropy weaver (Spider:1)
  2 spark wasps (Spider:4)
  A dire elephant (Lair:6)
  Josephine (D:12)
  Harold (Lair:1)
  A vault guard (D:13)
  3 hydras
  3 boulder beetles
  A centaur warrior (D:14)
  A death yak (Lair:6)
  A tengu warrior (D:15)
  The ghost of coolguy69 the Covert, a journeyman VSMo of Okawaru (Lair:2)
  Urug (D:11)
  Amaemon (Lair:2)
  2 pharaoh ants
  2 steelbarb worms
  A sun moth (Spider:2)
  9 orb spiders
  An orc knight (Orc:1)
  A wolf spider zombie (Spider:4)
  2 orc sorcerers (Orc:2)
  2 wolf spiders
  An ugly thing (D:14)
  A manticore (D:15)
  2 slime creatures (D:15)
  A moth of wrath (shapeshifter) (D:15)
  An elephant (Lair:6)
  A cyclops (D:13)
  A centaur zombie (D:13)
  2 black mambas
  A torpor snail (Spider:2)
  2 ice statues (IceCv)
  A dire elephant zombie (Lair:6)
  3 cane toads
  A centaur skeleton (D:13)
  A redback zombie (Spider:4)
  4 rime drakes
  A spectral redback (Spider:4)
  3 komodo dragons
  2 trolls
  2 meliai
  2 polar bears
  6 tarantellas
  3 blink frogs
  9 jumping spiders
  3 shadows
  8 culicivoras
  A centaur simulacrum (D:11)
  A wraith (D:12)
  A steam dragon (D:8)
  9 humans (D:13)
  13 yaks
  A vampire (D:12)
  6 basilisks
  A golden eye (shapeshifter) (D:15)
  23 redbacks
  2 wargs (Orc:1)
  5 water moccasins
  An elephant zombie (Lair:6)
  7 orc warriors
  A black bear (Lair:5)
  5 wolves
  A centaur (D:13)
  2 bullfrogs
  5 wights
  2 elephant simulacra (Lair:3)
  A killer bee (D:9)
  2 electric eels
  4 howler monkeys
  2 komodo dragon simulacra (IceCv)
  5 orc priests (Orc:2)
  An iguana (D:9)
  A hell rat (Lair:5)
  4 orc wizards
  A statue (D:8)
  A boggart skeleton (D:13)
  An acid dragon simulacrum (IceCv)
  A shadow imp (D:8)
  5 steam dragon simulacra (IceCv)
  23 orcs
  A goblin (Bailey)
  4 kobolds
  A bush (D:7)
246 creatures vanquished.

Vanquished Creatures (others)
  A tengu conjurer (D:15)
  A redback (Spider:4)
  4 ancestors
  26 battlemagi
  25 fungi
  80 plants
  21 withered plants (Lair:6)
158 creatures vanquished.

Grand Total: 1210 creatures vanquished

Notes
Turn   | Place    | Note
-------+----------+-------------------------------------------
     0 | D:1      | jlumianski the Demonspawn Fighter began the quest for the
                  | Orb.
     0 | D:1      | Reached XP level 1. HP: 18/18 MP: 1/1
   230 | D:1      | Gained mutation: You may rarely emit foul miasma when
                  | damaged in melee. [demonic ancestry]
   230 | D:1      | Reached XP level 2. HP: 22/24 MP: 2/2
   558 | D:1      | Reached skill level 2 in Axes
   687 | D:1      | Gained mutation: You are partially covered in sharp spines.
                  | [demonic ancestry]
   687 | D:1      | Reached XP level 3. HP: 22/29 MP: 3/3
   850 | D:1      | Found a faded altar of an unknown god.
   850 | D:1      | Noticed a shadow demon
  1105 | D:2      | Noticed Sigmund
  1112 | D:2      | Killed Sigmund
  1113 | D:2      | Reached skill level 3 in Axes
  1113 | D:2      | Reached skill level 1 in Dodging
  1113 | D:2      | Discovered your monstrous ancestry.
  1113 | D:2      | Gained mutation: You have a pair of small antennae on your
                  | head. [demonic ancestry]
  1113 | D:2      | Reached XP level 4. HP: 37/37 MP: 4/4
  1113 | D:2      | Gained mutation: You have large cloven feet. [demonic
                  | ancestry]
  1113 | D:2      | Reached XP level 5. HP: 42/42 MP: 5/5
  1569 | D:3      | Found a one-way gate to the infinite horrors of the Abyss.
  1569 | D:3      | Noticed Sabo's ghost (amateur FoFi)
  1588 | D:3      | Found a transporter.
  1594 | D:3      | Noticed a toenail golem
  1596 | D:3      | Noticed a small abomination
  1674 | D:2      | Found a burning altar of Makhleb.
  2024 | D:3      | Reached XP level 6. HP: 48/48 MP: 6/6
  2353 | D:4      | Reached skill level 4 in Axes
  2420 | D:3      | Found a transporter.
  2726 | D:3      | Found Viqeonoqur's Magic Scroll Shoppe.
  2733 | D:3      | Bought a scroll of identify for 28 gold pieces
  2810 | D:3      | Found Qoerch's Armour Emporium.
  2931 | D:3      | Identified a scroll of acquirement
  2931 | D:3      | Acquired the +12 broad axe of Exoneration {speed, MP+9}
  3120 | D:4      | Found a shimmering altar of Xom.
  3236 | D:5      | Entered Level 5 of the Dungeon
  3355 | D:5      | Reached skill level 1 in Stealth
  3355 | D:5      | Gained mutation: You have hoof-like feet. [demonic
                  | ancestry]
  3355 | D:5      | Reached XP level 7. HP: 49/53 MP: 7/7
  3387 | D:5      | Reached skill level 5 in Axes
  3427 | D:5      | You fall into a shaft and drop 1 floor!
  3437 | D:6      | Found Toh Bipp's Book Shop.
  3607 | D:6      | HP: 1/54 [gnoll/+0 flail[a gnoll sergeant] (6)]
  4192 | D:5      | Noticed Dowan
  4209 | D:5      | Killed Dowan
  4262 | D:5      | Noticed Duvessa
  4268 | D:5      | Killed Duvessa
  4269 | D:5      | Reached skill level 1 in Throwing
  4562 | D:5      | Reached XP level 8. HP: 61/61 MP: 8/8
  4697 | D:5      | Reached skill level 6 in Axes
  4946 | D:5      | Found a staircase to the Ecumenical Temple.
  4957 | Temple   | Entered the Ecumenical Temple
  5173 | Temple   | Became a worshipper of Hepliaklqana the Forgotten
  5313 | D:6      | Reached skill level 5 in Armour
  5569 | D:6      | Found an ornate altar of the Wu Jian Council.
  5592 | D:6      | Reached skill level 5 in Fighting
  5973 | D:7      | Noticed Pikel
  5994 | D:6      | Killed Pikel
  5995 | D:6      | Reached skill level 7 in Axes
  5995 | D:6      | Gained mutation: You have hooves in place of feet. [demonic
                  | ancestry]
  5995 | D:6      | Reached XP level 9. HP: 53/68 MP: 9/9
  6279 | D:6      | Reached * piety under Hepliaklqana
  6758 | D:8      | Found a stormy altar of Qazlal.
  6872 | D:7      | Reached skill level 8 in Axes
  7101 | D:7      | Noticed Prince Ribbit
  7105 | D:7      | Killed Prince Ribbit
  7226 | D:7      | Noticed Maggie
  7238 | D:7      | Killed Maggie
  7242 | D:7      | Gained mutation: You are mostly covered in sharp spines.
                  | [demonic ancestry]
  7242 | D:7      | Reached XP level 10. HP: 65/69 MP: 10/10
  7307 | D:8      | Noticed Grum
  7314 | D:7      | Reached skill level 9 in Axes
  7561 | D:7      | Reached skill level 1 in Invocations
  7708 | D:7      | Found a blossoming altar of Fedhas.
  7834 | D:7      | Noticed an oklob plant
  8208 | D:7      | Killed an oklob plant
  8494 | D:8      | Reached skill level 1 in Evocations
  8525 | D:8      | Found an iron altar of Okawaru.
  8690 | D:9      | Reached ** piety under Hepliaklqana
  8691 | D:9      | Remembered your ancestor Artakama as a battlemage
  8708 | D:9      | Found a flagged portal.
  8726 | Bailey   | Entered a bailey
  8741 | Bailey   | Noticed an orc warlord
  8838 | Bailey   | Reached skill level 5 in Dodging
  8893 | Bailey   | Found a runed translucent gate.
  8895 | Bailey   | Found a runed translucent gate.
  8898 | Bailey   | Found a runed translucent gate.
  8924 | Bailey   | Gained mutation: You are partially covered in iridescent
                  | scales. (AC +2) [potion of mutation]
  8924 | Bailey   | Gained mutation: You expend magic power (3 MP) to
                  | strengthen your wands. [potion of mutation]
  8924 | Bailey   | Gained mutation: You have very sharp teeth. [potion of
                  | mutation]
  8924 | Bailey   | Gained mutation: Your muscles are strong. (Str +4, Int/Dex
                  | -1) [potion of mutation]
  9192 | Bailey   | Killed an orc warlord
  9193 | Bailey   | Reached skill level 5 in Shields
  9379 | D:9      | Noticed a two-headed ogre
  9386 | D:9      | Killed a two-headed ogre
  9387 | D:9      | Reached skill level 10 in Axes
  9427 | D:9      | Found a shimmering blue altar of Sif Muna.
  9467 | D:9      | Reached XP level 11. HP: 74/74 MP: 14/14
  9507 | D:10     | Entered Level 10 of the Dungeon
  9609 | D:10     | Reached skill level 5 in Invocations
  9654 | D:10     | Found an opulent altar of Gozag.
 10035 | D:10     | Reached *** piety under Hepliaklqana
 10035 | D:10     | Noticed a two-headed ogre
 10040 | D:10     | Killed a two-headed ogre
 10573 | D:9      | Gained mutation: You have a small tail. [demonic ancestry]
 10573 | D:9      | Reached XP level 12. HP: 81/81 MP: 17/17
 10807 | D:8      | Killed Grum
 10954 | D:8      | Found a radiant altar of Vehumet.
 11246 | D:9      | Found a staircase to the Lair.
 11402 | D:9      | Reached skill level 5 in Evocations
 11461 | D:9      | Reached skill level 11 in Axes
 11785 | D:11     | Noticed Urug
 11794 | D:11     | Killed Urug
 12078 | D:11     | Reached **** piety under Hepliaklqana
 12079 | D:11     | Noticed Maurice
 12091 | D:11     | Killed Maurice
 12125 | D:11     | HP: 2/82 [centaur warrior simulacrum (10)]
 12598 | D:11     | Found a staircase to the Orcish Mines.
 12846 | D:11     | Noticed a boulder beetle
 12865 | D:11     | Killed a boulder beetle
 13277 | D:12     | Gained mutation: You have a pair of antennae on your head.
                  | [demonic ancestry]
 13277 | D:12     | Reached XP level 13. HP: 88/88 MP: 19/19
 13280 | D:12     | Noticed Josephine
 13291 | D:12     | Killed Josephine
 13322 | D:12     | Found a portal to a secret trove of treasure.
 13667 | D:12     | Reached skill level 12 in Axes
 14508 | D:13     | Found a gate to the Vaults.
 14517 | D:13     | HP: 4/90 [vault guard/+3 war axe (14)]
 14970 | D:13     | Reached skill level 10 in Invocations
 15441 | D:13     | Reached skill level 10 in Dodging
 15822 | D:13     | Found the +9 sword of Zonguldrok {reap}
 15822 | D:13     | Noticed a bone dragon
 15825 | D:13     | Reached XP level 14. HP: 88/97 MP: 21/21
 15840 | D:13     | Killed a bone dragon
 15841 | D:13     | Reached skill level 13 in Axes
 17003 | D:15     | Entered Level 15 of the Dungeon
 17169 | D:15     | Found a shadowy altar of Dithmenos.
 17556 | D:15     | Found a staircase to the Depths.
 17981 | D:15     | Reached skill level 10 in Fighting
 18356 | D:15     | Reached ***** piety under Hepliaklqana
 18634 | D:15     | Found Jaun's Antique Weapon Emporium.
 18906 | Lair:1   | Entered Level 1 of the Lair of Beasts
 18997 | Orc:1    | Entered Level 1 of the Orcish Mines
 18997 | Orc:1    | Found a radiant altar of Vehumet.
 19188 | Orc:1    | Noticed an orc warlord
 19198 | Orc:1    | Killed an orc warlord
 19711 | Orc:2    | Entered Level 2 of the Orcish Mines
 19811 | Orc:2    | Found a staircase to the Elven Halls.
 20219 | Orc:2    | Found Riareuf's Book Boutique.
 20336 | Orc:2    | Noticed an orc warlord
 20339 | Orc:2    | Paralysed by an orc sorcerer for 2 turns
 20363 | Orc:2    | Gained mutation: You have a tail ending in a sharp stinger.
                  | [demonic ancestry]
 20363 | Orc:2    | Reached XP level 15. HP: 68/103 MP: 23/23
 20363 | Orc:2    | Killed an orc warlord
 20364 | Orc:2    | Reached skill level 14 in Axes
 20366 | Orc:2    | Found Tuqauha's Antique Weapon Shop.
 20379 | Orc:2    | Found Odusma's Antique Armour Boutique.
 20457 | Orc:2    | Bought an embroidered cloak for 225 gold pieces
 20457 | Orc:2    | Bought a polished ring mail for 270 gold pieces
 20457 | Orc:2    | Identified the +4 ring mail of the Endless Expanse {Int+5}
                  | (You bought it in a shop on level 2 of the Orcish Mines)
 20661 | Orc:2    | Found Faicvya's General Store.
 21270 | Lair:1   | Noticed Harold
 21282 | Lair:1   | Killed Harold
 22224 | Lair:2   | Noticed Amaemon
 22233 | Lair:2   | Killed Amaemon
 22326 | Lair:2   | Found a runed translucent gate.
 22326 | Lair:2   | Found a runed translucent gate.
 22327 | Lair:2   | Found a runed translucent gate.
 22328 | Lair:2   | Noticed coolguy69's ghost (journeyman VSMo)
 22329 | Lair:2   | Noticed wingedge's ghost (journeyman FeMo)
 22591 | Lair:2   | Reached skill level 5 in Stealth
 22598 | Lair:2   | Upgraded the game from 0.29-a0-824-gd827844252 to
                  | 0.29-a0-830-gcb1280458a
 22872 | Lair:2   | Found a staircase to the Shoals.
 23112 | Lair:2   | Killed coolguy69's ghost
 23125 | Lair:2   | Killed wingedge's ghost
 23265 | Lair:3   | Found a frozen archway.
 23325 | IceCv    | Entered an ice cave
 23598 | IceCv    | Identified the +1 spear of Urgency {holy, rPois Stlth+}
 23599 | IceCv    | Identified the +1 ring mail of the Hanged Man {Regen+ Str-3
                  | Dex+6}
 24103 | Lair:3   | Found a hole to the Spider Nest.
 24184 | Lair:3   | Noticed Nergalle
 24191 | Lair:3   | Killed Nergalle
 24259 | Lair:3   | You fall into a shaft and drop 2 floors!
 24270 | Lair:5   | Reached ****** piety under Hepliaklqana
 25443 | Lair:5   | Noticed Nessos
 25452 | Lair:5   | Killed Nessos
 25680 | Lair:5   | Noticed Rupert
 25682 | Lair:5   | Noticed Snorg
 25687 | Lair:5   | Killed Rupert
 25691 | Lair:5   | Killed Snorg
 26012 | Lair:6   | Entered Level 6 of the Lair of Beasts
 26061 | Lair:6   | Found the +10 dark maul {vorpal}
 26519 | Lair:6   | Reached skill level 10 in Evocations
 26690 | Lair:6   | Reached skill level 15 in Axes
 26722 | Lair:6   | Gained mutation: You have a pair of large antennae on your
                  | head. (SInv) [demonic ancestry]
 26722 | Lair:6   | Reached XP level 16. HP: 95/111 MP: 25/25
 27705 | Lair:6   | Found a viscous altar of Jiyva.
 27707 | Lair:6   | Found a staircase to the Slime Pits.
 28235 | Spider:1 | Entered Level 1 of the Spider Nest
 29156 | Spider:2 | Noticed Louise
 29794 | Spider:1 | Killed Louise
 30264 | Spider:2 | Identified the +0 hat "Penkobic" {rF+ Will- rCorr Str+4}
 31031 | Spider:2 | Reached skill level 16 in Axes
 31075 | Spider:2 | Gained mutation: You sometimes emit foul miasma when
                  | damaged in melee. [demonic ancestry]
 31075 | Spider:2 | Reached XP level 17. HP: 111/117 MP: 27/27
 33040 | Spider:4 | Entered Level 4 of the Spider Nest
 34022 | Spider:4 | Reached skill level 15 in Invocations
 34188 | Spider:4 | Found the +7 Singing Sword {vorpal, sonic wave}
 34865 | Spider:4 | HP: 1/119 [emperor scorpion (10)]
 34865 | Spider:4 | Demolished by a moth of wrath

Illustrated notes

Levels and vault maps discovered:
D:1:      dpeg_arrival_renting, layout_loops_ring,
          dreamdust_ecumenical_altar_sealed_demon
D:2:      minmay_evil_eye, layout_loops_ring, basic_altar, uniq_sigmund
D:3:      layout_basic, gammafunk_ghost_abyssal_escape, serial_shops, shop,
          shop, kennysheep_generic_room_14
D:4:      layout_rooms, xom_butterflies
D:5:      layout_rooms, minmay_temple_entry_fiery, minmay_manual_mail,
          uniq_duvessa
D:6:      layout_gridville, nicolae_wu_jian_wuxing_cycle,
          nicolae_inconvenience_store, serial_bayou_lake_a
D:7:      layout_loops_ring, tgw_fedhas, nrook_mini_backslash,
          minmay_starry_boxes, uniq_prince_ribbit1, uniq_maggie, uniq_pikel
D:8:      layout_basic, vehumet_statue, lemuel_tele_altar,
          nicolae_overflow_crystal_walls, minmay_fountain_box, uniq_grum
D:9:      layout_gridville, mainiacjoe_overflow_chevrons, zin_statuary,
          minmay_lair_entry_grove, enter_bailey_6
D:10:     layout_loops_corners, amcnicky_altar_gilded
D:11:     layout_basic, orc_0_dummy, serial_ice, serial_ice_l, serial_ice_c,
          serial_ice_h, serial_ice_d, serial_ice_g, minmay_circle_x, uniq_urug,
          uniq_maurice
D:12:     layout_rooms, enter_trove_2, uniq_josephine
D:13:     layout_basic, grunt_vaults_entry_tiered,
          hangedman_abyss_or_decor_passed, minmay_guarded_unrand_zonguldrok
D:14:     layout_rooms, minmay_holes, drop_trap, minmay_misc_feat_more_columns,
          minivault_4
D:15:     hangedman_depths_entry_try_elsewhere_first, layout_stronghold,
          grunt_dithmenos_shadows, serial_shops, nicolae_lakefront_shop,
          minmay_increasing_density
Temple:   hellmonk_temple_forest_ring
Lair:1:   dragon1_lemuel, layout_loops_ring, grunt_forest_large_clearing_hut,
          uniq_harold
Lair:2:   layout_regular_city, minmay_shoals_entry_hut,
          gammafunk_ghost_cemetery, serial_bayou_pond_b, uniq_amaemon
Lair:3:   layout_cellular_growth, spider_nest_entry_a,
          portal_ice_cave_entry_ice_simulacra, uniq_nergalle
Lair:4:   layout_regular_city
Lair:5:   layout_hall_layers, uniq_rupert, uniq_nessos, uniq_snorg
Lair:6:   due_jungle_book, layout_cave_pods, minmay_slime_entry_oklob_enclosed,
          chequers_serial_rivers_room_b, serial_bayou_shore_a
Spider:1: cheibrodos_spider_silkery
Spider:2: layout_spider_delve, hellmonk_motheaten_closet, uniq_louise
Spider:3: layout_cave_pods
Spider:4: floodkiller_spider_rune_tomb
Orc:1:    layout_caves, basic_altar
Orc:2:    grunt_orc_community_town_hall, layout_caves,
          grunt_orc_community_big_house_2, grunt_orc_community_big_house_2,
          grunt_orc_community_house_1, grunt_orc_community_house_1,
          grunt_orc_community_house_1, grunt_orc_community_house_2,
          grunt_orc_community_house_2

Skill      XL: |  1  2  3  4  5  6  7  8  9 10 11 12 13 14 15 16 17 |
---------------+----------------------------------------------------+-----
Armour         | 3 4 5 6 7 8 9 |  9.7
Axes           | 2 3 4 5 7 8 10 11 12 13 15 16 | 16.5
Dodging        | 1 2 3 5 8 9 10 11 12 13 | 13.7
Shields        | 3 4 5 6 7 8 |  8.8
Stealth        | 1 2 3 4 5 6 |  6.2
Fighting       | 4 5 6 7 8 9 10 11 12 | 12.1
Throwing       | 1 2 3 |  3.6
Invocations    | 4 7 8 10 11 13 14 15 | 15.2
Evocations     | 2 4 5 7 8 10 11 | 11.7
Polearms       | |  0.1

Action                   |  1- 3 |  4- 6 |  7- 9 | 10-12 | 13-15 | 16-18 || total
-------------------------+-------+-------+-------+-------+-------+-------++-------
Melee: War axe           |   101 |    54 |       |       |       |       ||   155
       Kick              |       |    16 |    37 |   108 |   247 |   199 ||   607
       Broad axe         |       |    11 |   149 |   284 |   670 |   516 ||  1630
       Bite              |       |       |       |    15 |    89 |    57 ||   161
       Tailslap          |       |       |       |    10 |   103 |    93 ||   206
       Spear             |       |       |       |       |     3 |       ||     3
Throw: Dart              |       |     1 |     6 |       |       |       ||     7
       Boomerang         |       |       |       |     8 |    15 |    12 ||    35
Invok: Ancestor Life: Ba |       |       |       |     1 |       |       ||     1
       Recall Ancestor   |       |       |       |     1 |     4 |     1 ||     6
       Idealise          |       |       |       |       |     2 |     3 ||     5
Evoke: Wand              |       |       |       |     1 |     1 |     2 ||     4
       Box of beasts     |       |       |       |       |       |     1 ||     1
  Use: Potion            |     1 |     1 |       |     4 |     1 |     5 ||    12
       Scroll            |       |     9 |    10 |     4 |     8 |       ||    31
 Stab: Sleeping          |       |       |       |     2 |    11 |     5 ||    18
       Distracted        |       |       |       |       |    18 |    16 ||    34
Armor: Scale mail        |    68 |    18 |       |       |       |       ||    86
       Chain mail        |       |    19 |    46 |       |       |   158 ||   223
       Plate armour      |       |       |    32 |    29 |       |       ||    61
       Ring mail         |       |       |       |    35 |   186 |    22 ||   243
Dodge: Dodged            |    46 |    20 |    44 |    92 |   354 |   202 ||   758
Block: Buckler           |    27 |    14 |    32 |    40 |   169 |   257 ||   539
       Kite shield       |       |       |       |       |   172 |       ||   172
       Reflection        |       |       |       |       |     4 |     2 ||     6

Table legend: (Time is in decaauts)
 A = Elapsed time spent in this place.
 B = Non-inter-level travel time spent in this place.
 C = Inter-level travel time spent in this place.
 D = Time resting spent in this place.
 E = Time spent auto-exploring this place.
 F = Levels seen in this place.
 G = Mean time per level.
                   A        B        C        D        E       F      G
               +--------+--------+--------+--------+--------+-----+--------+
         Total |  34668 |  33492 |   1176 |   5855 |  15092 |  30 | 1155.6 |
       Dungeon |  18279 |  17609 |    670 |   2971 |   8435 |  15 | 1218.6 |
        Temple |    233 |    233 |      0 |      0 |    109 |   1 |  233.0 |
          Lair |   6652 |   6301 |    351 |    270 |   3984 |   6 | 1108.7 |
   Spider Nest |   6388 |   6297 |     91 |   2589 |   1289 |   4 | 1597.0 |
  Orcish Mines |   2043 |   1980 |     63 |      0 |    900 |   2 | 1021.5 |
        Bailey |    660 |    660 |      0 |      0 |    328 |   1 |  660.0 |
      Ice Cave |    410 |    410 |      0 |     25 |     46 |   1 |  410.0 |
               +--------+--------+--------+--------+--------+-----+--------+

Top non-repeatable levels by time:
  Lair:6: 2042 daAuts
Spider:3: 1954 daAuts
     D:7: 1751 daAuts
    D:15: 1691 daAuts
Spider:2: 1671 daAuts
    D:13: 1668 daAuts
Spider:1: 1630 daAuts
    D:12: 1506 daAuts
    D:10: 1379 daAuts
     D:6: 1345 daAuts
   Orc:2: 1263 daAuts
     D:5: 1244 daAuts
    D:11: 1169 daAuts
Spider:4: 1132 daAuts
  Lair:2: 1106 daAuts
